 Dungeon Crawl Stone Soup version 0.20.1-1-g8b1a95d (webtiles) character file.

253 Monsterracer the Ruffian (level 6, -1/43 HPs)
             Began as a Barachi Transmuter on Oct 23, 2017.
             Was an Initiate of Gozag.
             Slain by an orc wizard
             ... wielding a +0 dagger
              (3 damage)
             ... on level 3 of the Dungeon.
             The game lasted 00:06:06 (4577 turns).

Monsterracer the Ruffian (Barachi Transmuter)       Turns: 4577, Time: 00:06:07

Health: -1/43      AC:  2    Str: 13    XL:     6   Next: 14%
Magic:  4/9        EV: 20    Int: 17    God:    Gozag
Gold:   152        SH:  0    Dex: 17    Spells: 3/9 levels left

rFire    . . .     SeeInvis .     - Unarmed
rCold    . . .     Gourm    .   (shield currently unavailable)
rNeg     . . .     Faith    .   (armour currently unavailable)
rPois    x         Spirit   .   (helmet currently unavailable)
rElec    .         Reflect  .   (cloak currently unavailable)
rCorr    .         Harm     .   (gloves currently unavailable)
MR       +....                  (boots currently unavailable)
Stlth    ++........             (no amulet)
Regen    0.2/turn               e - ring of protection from magic
MPRegen  0.2/turn               i - +3 ring of intelligence

@: spider-form (expiring), very slightly contaminated
A: +LOS, swims
a: End Transformation, Potion Petition, Call Merchant, Bribe Branch, Renounce
Religion


You were on level 3 of the Dungeon.
You worshipped Gozag.
Gozag was aware of your devotion.
You were very full.
You were a venomous arachnid creature.
You visited 1 branch of the dungeon, and saw 3 of its levels.

You collected 187 gold pieces.
You paid 35 gold pieces to Gozag.

Inventory:

Missiles
 a - 11 arrows
Armour
 b - a +0 robe (melded)
 f - a +0 scale mail
 q - a +0 ring mail
 y - a +0 helmet (melded)
Jewellery
 e - a ring of protection from magic (left front leg)
 h - an uncursed amulet of guardian spirit
 i - a +3 ring of intelligence (right front leg)
Scrolls
 j - 4 scrolls of identify {unknown}
 m - 2 scrolls of fog {unknown}
 p - a scroll of enchant weapon {unknown}
 r - a scroll of blinking {unknown}
 t - 2 scrolls of remove curse {unknown}
 u - a scroll of teleportation {unknown}
 x - a scroll of enchant armour {unknown}
Potions
 g - 2 potions of curing {unknown}
 k - a potion of ambrosia {unknown}
 l - a potion of lignification {unknown}
 n - 2 potions of invisibility {unknown}
 o - a potion of resistance {unknown}
 s - 2 potions of cancellation {unknown}
 w - a potion of haste {unknown}
 z - a potion of degeneration {unknown}
Books
 c - a book of Changes

   Spells                             Type                      Level
   a - Beastly Appendage              Transmutation                1
   b - Sticks to Snakes               Transmutation                2
   c - Spider Form                    Transmutation/Poison         3
   d - Ice Form                       Ice/Transmutation            4
   e - Blade Hands                    Transmutation                5


   Skills:
 - Level 1.2 Fighting
 - Level 2.1 Dodging
 + Level 5.7 Unarmed Combat
 - Level 2.1 Spellcasting
 + Level 5.0 Transmutations


You had 3 spell levels left.
You knew the following spells:

 Your Spells              Type           Power        Failure   Level  Hunger
a - Beastly Appendage     Tmut           ###...       9%          1    #......
b - Sticks to Snakes      Tmut           ###.....     12%         2    ###....
c - Spider Form           Tmut/Pois      ##........   41%         3    ###....


Dungeon Overview and Level Annotations

Branches:
Dungeon (3/15)

Altars:
Gozag
Makhleb
Nemelex Xobeh
Okawaru
Zin


Innate Abilities, Weirdness & Mutations

Shadows flee at your approach. (+LOS)
You can swim through water.
((You cover ground slowly.))
((You can hop short distances.))


Message History

You punch the kobold!
You kill the kobold!
You now have 137 gold pieces (gained 19).
Things that are here:
a dagger x2
You eat the fruit.
You are feeling hungry.
That banana was delicious!
Even the peel tasted good!
You feel sick.
You are no longer poisoned.
You start resting.
You are feeling very hungry.
Unknown command.
You start resting.
HP restored.
Unknown command.
You see here 27 bolts.
You now have 152 gold pieces (gained 15).
There is a stone staircase leading down here.
You are near starving!
Unknown command.
Found a club.
You eat one of the 2 bread rations.
That bread ration really hit the spot!
j - 4 scrolls labeled ADDUCE SOESCH (gained 1)
t - 2 scrolls labeled BARRAIJET (gained 1)
An orc comes into view. It is wielding a hand axe.
The orc shouts!
An orc is nearby!
You eat the bread ration.
That bread ration really hit the spot!
You barely miss the orc. The orc hits you with a hand axe.
Damage: -2%(-1hp) hp: 98%(42hp)
You barely miss the orc. The orc completely misses you.
You hit the orc.
The orc is heavily wounded.
An orc wizard comes into view. It is wielding a dagger.
You hit the orc.
The orc is almost dead.
The orc wizard mumbles some strange words.
The orc wizard seems to speed up.
The orc hits you with a hand axe.
Damage: -7%(-3hp) hp: 91%(39hp)
You barely miss the orc.
The orc is almost dead.
The orc hits you but does no damage.
An orc comes into view. It is wielding a club.
You hit the orc.
You kill the orc!
The orc wizard casts a spell.
The orc wizard blinks!
The orc wizard closely misses you.
You closely miss the orc wizard. The orc wizard hits you with a dagger.
Damage: -9%(-4hp) hp: 82%(35hp)
Casting: Spider Form
Confirm with . or Enter, or press ? or * to list all spells.
You miscast Spider Form.
You are very lightly contaminated with residual magic.
You feel a strange surge of energy! The orc wizard misses you.
The orc hits you with a club.
The orc wizard mumbles some strange words.
The orc wizard blinks!
Damage: -2%(-1hp) hp: 80%(34hp)
Casting: Spider Form
Confirm with . or Enter, or press ? or * to list all spells.
You turn into a venomous arachnid creature.
Your +0 helmet melds into your body.
Your +0 robe melds into your body.
You barely miss the orc. The orc hits you with a club.
The orc wizard casts a spell at you. The magic dart hits you!
* * * LOW HITPOINT WARNING * * *
Huge Dmg: -31%(-13hp) hp: 49%(21hp)
You barely miss the orc. The orc completely misses you.
The orc wizard points at you and mumbles some strange words.
The magic dart hits you!
* * * LOW HITPOINT WARNING * * *
Huge Dmg: -14%(-6hp) hp: 35%(15hp)
You hit the orc.
The orc is poisoned.
The orc is heavily wounded.
You kill the orc!
The orc wizard casts a spell.
The orc wizard blinks!
The orc wizard mumbles some strange words.
The orc wizard blinks!
You start resting.
Your transformation is almost over.
Unknown command.
An orc wizard is nearby!
The orc wizard is distracted by the nearby gold.
You barely miss the orc wizard.
The orc wizard is no longer distracted by gold.
The orc wizard shouts!
The orc wizard completely misses you.
You barely miss the orc wizard. The orc wizard hits you with a dagger.
* * * LOW HITPOINT WARNING * * *
The orc wizard points at you and mumbles some strange words.
The magic dart hits you!
* * * LOW HITPOINT WARNING * * *
Huge Dmg: -35%(-15hp) hp: 5%(2hp)
You hit the orc wizard.
The orc wizard is poisoned.
The orc wizard is moderately wounded.
The orc wizard hits you with a dagger.
You die...
Your body crumbles into a pile of gold.

## #.# ##### #######
#.#####...# #......
#$$....#)# #......
##.###...# #......
##.###.## #......
#...##.# #....##
#.##.##.# #....#.
#.#
#s##.#######......
#.#.# #.#
#o...........#.##.
#.#.#####
##.##.<#######.###
.......#
#.##..#######.###
#<#.##.#
#.##........#....
#.#.##.#
#........########
#.#.##.# #..#####.#
#..... ####.#.##.#
####>.# #)# ######
#.......#.####.....#
#.#


You could see an orc wizard.

Vanquished Creatures
  An orc priest (D:3)
  2 orc wizards (D:3)
  Jessica (D:2)
  8 adders
  A worm (D:3)
  3 orcs (D:3)
  5 bats
  6 goblins
  9 hobgoblins
  2 jackals (D:3)
  10 kobolds
  2 quokkas
  A ball python (D:1)
  3 frilled lizards
  15 rats
69 creatures vanquished.

Vanquished Creatures (collateral kills)
  2 kobolds (D:1)
2 creatures vanquished.

Grand Total: 71 creatures vanquished

Notes
Turn   | Place    | Note
-------+----------+-------------------------------------------
     0 | D:1      | Monsterracer the Barachi Transmuter began the quest for the Orb.
     0 | D:1      | Reached XP level 1. HP: 15/15 MP: 3/3
   325 | D:1      | HP: 4/15 [hobgoblin/club (6)]
   327 | D:1      | Reached XP level 2. HP: 6/21 MP: 3/5
   335 | D:1      | Learned a level 2 spell: Sticks to Snakes
   569 | D:1      | HP: 10/21 [kobold/short sword of protection (3)]
   574 | D:1      | HP: 6/21 [kobold/short sword of protection (2)]
  1495 | D:1      | Reached XP level 3. HP: 22/26 MP: 6/6
  1555 | D:1      | Learned a level 3 spell: Spider Form
  1897 | D:2      | HP: 13/26 [hobgoblin (2)]
  2564 | D:2      | Reached XP level 4. HP: 32/32 MP: 3/7
  2808 | D:2      | Noticed Jessica
  2813 | D:2      | Killed Jessica
  3057 | D:2      | Found a burning altar of Makhleb.
  3059 | D:2      | Found a glowing silver altar of Zin.
  3059 | D:2      | Noticed an angel
  3060 | D:2      | Noticed a cacodemon
  3346 | D:3      | Reached XP level 5. HP: 21/37 MP: 4/8
  3350 | D:3      | HP: 18/37 [poisoned by an adder]
  3356 | D:3      | HP: 16/37 [poisoned by an adder]
  3362 | D:3      | HP: 14/37 [poisoned by an adder]
  3370 | D:3      | HP: 13/37 [poisoned by an adder]
  3595 | D:3      | Reached skill level 5 in Unarmed Combat
  3839 | D:3      | Found an opulent altar of Gozag.
  3867 | D:3      | Became a worshipper of Gozag Ym Sagoz the Greedy
  3903 | D:3      | Found an iron altar of Okawaru.
  4001 | D:3      | Reached XP level 6. HP: 24/43 MP: 4/9
  4012 | D:3      | Found a sparkling altar of Nemelex Xobeh.
  4196 | D:3      | HP: 20/43 [adder (4)]
  4201 | D:3      | HP: 14/43 [poisoned by an adder]
  4206 | D:3      | HP: 13/43 [poisoned by an adder]
  4211 | D:3      | Reached skill level 5 in Transmutations
  4214 | D:3      | HP: 11/43 [poisoned by an adder]
  4562 | D:3      | HP: 21/43 [orc wizard/magic dart (11)]
  4576 | D:3      | HP: 11/43 [orc wizard/dagger (6)]
  4576 | D:3      | HP: 2/43 [orc wizard/magic dart (9)]
  4577 | D:3      | Slain by an orc wizard

Skill      XL: |  1  2  3  4  5  6 |
---------------+-------------------+-----
Transmutations | 3 4 5 |  5.0
Unarmed Combat | 4 5 |  5.7
Fighting       | |  1.2
Dodging        | |  2.1
Spellcasting   | |  2.1

Action                   |  1- 3 |  4- 6 || total
-------------------------+-------+-------++-------
Melee: Unarmed           |   107 |   149 ||   256
       Headbutt          |     5 |     2 ||     7
       Kick              |     1 |       ||     1
       Punch             |       |     1 ||     1
 Cast: Beastly Appendage |     8 |     2 ||    10
       Sticks to Snakes  |     1 |       ||     1
       Spider Form       |     3 |     6 ||     9
 Abil: Hop               |     2 |       ||     2
 Stab: Sleeping          |     2 |       ||     2
  Eat: Chunk             |     6 |     5 ||    11
       Fruit             |       |     2 ||     2
       Bread ration      |       |     2 ||     2
Armor: Robe              |    12 |    18 ||    30
       Skin              |       |     3 ||     3
Dodge: Dodged            |    54 |   113 ||   167

Vault maps used:
D:1:      wheals_arrival_shading, roderic_chinese_pattern_swastika
D:2:      grunt_temple_overflow_order_and_chaos_2, uniq_jessica
D:3:      nicolae_overflow_crystal_walls, marbit_many_paths, first_bread,
          okawaru_gym_becter
